 Dungeon Crawl Stone Soup version 0.24-a0-412-ge138f7edaf (webtiles) character file.

Game seed: 11881821861133024094

4078 Kuinu the Cleaver (level 10, -1/93 HPs)
             Began as a Minotaur Berserker on June 6, 2019.
             Was an Elder of Trog.
             Killed from afar by an electric eel (7 damage)
             ... with a bolt of electricity
             ... on level 8 of the Dungeon.
             The game lasted 00:13:50 (6295 turns).

Kuinu the Cleaver (Minotaur Berserker)              Turns: 6295, Time: 00:13:51

Health: -1/93      AC:  7    Str: 25    XL:     10   Next: 5%
Magic:  9/9        EV: 14    Int:  4    God:    Trog [****..]
Gold:   388        SH:  0    Dex: 10    Spells: 9/9 levels left

rFire    . . .     SeeInvis +   g - +0 war axe
rCold    . . .     Gourm    +   (no shield)
rNeg     . . .     Faith    .   v - +0 ring mail
rPois    .         Spirit   .   (helmet restricted)
rElec    .         Reflect  .   (no cloak)
rCorr    .         Harm     .   (no gloves)
MR       ++...                  (no boots)
Stlth    ..........             x - amulet of the gourmand
HPRegen  1.25/turn              r - ring of see invisible
MPRegen  0.11/turn              I - +3 ring of slaying

@: berserk cooldown, regenerating, slowed, very slow
A: retaliatory headbutt, horns 2
a: Berserk, Trog's Hand, Brothers in Arms, Renounce Religion


You were on level 8 of the Dungeon.
You worshipped Trog.
Trog was greatly pleased with you.
You were not hungry.

You visited 1 branch of the dungeon, and saw 8 of its levels.

You collected 388 gold pieces.

Inventory:

Hand Weapons
 a - a +0 hand axe
 g - a +0 war axe (weapon)
 j - a +0 halberd
 K - a +2 spear of pain
Armour
 b - a +0 animal skin
 h - a +0 leather armour
 v - a +0 ring mail (worn)
Jewellery
 q - an uncursed ring of poison resistance
 r - a ring of see invisible (left hand)
 x - an amulet of the gourmand (around neck)
 I - a +3 ring of slaying (right hand)
Wands
 y - a wand of digging (9)
 C - a wand of polymorph (10)
 D - a wand of enslavement (5)
 E - a wand of iceblast (7)
Scrolls
 e - a scroll of noise {unknown}
 f - 5 scrolls of remove curse
 i - a scroll of enchant armour {unknown}
 k - 2 scrolls of immolation {unknown}
 l - a scroll of blinking {unknown}
 p - 2 scrolls of random uselessness {unknown}
 u - a scroll of magic mapping {unknown}
 w - a scroll of fear {unknown}
 A - a scroll of amnesia {unknown}
 B - 2 scrolls of enchant weapon {unknown}
 H - a scroll of teleportation {unknown}
 J - a scroll of silence {unknown}
 L - a scroll of torment {unknown}
 N - a scroll of identify
Potions
 d - 2 potions of lignification
 m - a potion of resistance
 n - 4 potions of degeneration
 o - 3 potions of flight
 s - a potion of haste
 t - a potion of curing
 z - a potion of might
 F - 2 potions of cancellation
 G - a potion of mutation
Comestibles
 c - 8 rations
 M - 2 chunks of flesh


   Skills:
 * Level 10.0 Fighting
 * Level 10.0 Axes
 * Level 9.6 Armour
 + Level 6.4 Dodging


You had 9 spell levels left.
You didn't know any spells.
Your spell library was empty.

Dungeon Overview and Level Annotations

Branches:
Dungeon (8/15)             Temple (0/1) D:7
   Lair: D:8-11

Altars:
Cheibriados
Dithmenos
Elyvilon
Fedhas
Gozag
Hepliaklqana
Kikubaaqudgha
Nemelex Xobeh
Okawaru
Uskayaw
The Shining One
Beogh

Shops:
D:4 !!**

Annotations:
D:4 1 runed translucent door, Enish's ghost, novice FoCK
D:7 3 runed translucent doors, Ratty's ghost, novice MiMo
D:8 Psyche


Innate Abilities, Weirdness & Mutations

You reflexively headbutt those who attack you in melee.
You have a pair of horns on your head.


Message History

The electric eel shoots out a bolt of lightning at you!
The bolt of electricity hits you.
You fail to use your ability.
The hungry ghost hits you.
You feel a lot more hungry.
The electric eel shoots out a bolt of lightning at you!
The bolt of electricity hits you!
* * * LOW HITPOINT WARNING * * *
The hungry ghost misses you.
You feel better.
The electric eel shoots out a bolt of lightning at you!
The bolt of electricity hits you!
* * * LOW HITPOINT WARNING * * *
The electric eel shoots out a bolt of lightning at you!
The bolt of electricity hits you!
* * * LOW HITPOINT WARNING * * *
The hungry ghost closely misses you.
Psyche miscasts a cantrip.
The electric eel shoots out a bolt of lightning at you!
The bolt of electricity hits you!
You die...

####
#≈≈≈≈≈≈....
...#
#.≈≈≈≈.≈...≈≈
.#.#
#..≈≈≈≈≈..≈≈≈
.#.####
#..≈≈.≈≈.≈≈≈≈
......#
#....≈≈≈.≈≈≈≈
...##.#
#...≈≈≈≈.≈≈≈≈
.#.##.#
#.≈≈.≈≈@.≈.≈≈
.#.##.#
#..[†W;≈.;.≈≈
.#.##.#
##.≈.†@≈≈...≈.
...##)#
#.............
#####.#
#.............
#.#
#.#######.....
#.#####.#
###.#
#.##....# #
##.#.....#
#........#
#........#


You could see Psyche, a hungry ghost and 2 electric eels.

Vanquished Creatures
  Pikel (D:6)
  A troll (D:8)
  Grinder (D:5)
  Sigmund (D:2)
  Menkaure (D:5)
  2 orc warriors (D:7)
  An ice beast (D:6)
  5 phantoms
  2 slaves (D:6)
  An ogre (D:8)
  3 wolves (D:8)
  2 centaurs
  A big kobold (D:7)
  6 bullfrogs
  3 scorpions
  A howler monkey (D:5)
  A crimson imp (D:7)
  A quasit (D:8)
  2 orc priests (D:7)
  A centaur skeleton (D:7)
  5 hounds
  3 bullfrog skeletons
  3 orc wizards
  Natasha (D:2)
  An iguana (D:6)
  8 worker ants
  3 hound skeletons
  A worker ant zombie (D:6)
  10 adders
  13 gnolls
  A shadow imp (D:5)
  2 worms (D:3)
  4 dart slugs
  2 leopard geckos
  18 orcs
  7 giant cockroaches
  6 goblins
  8 hobgoblins
  9 jackals
  3 quokkas
  A ball python (D:2)
  2 bats
  4 frilled lizards
  6 kobolds
  11 rats
169 creatures vanquished.

Notes
Turn   | Place    | Note
-------+----------+-------------------------------------------
     0 | D:1      | Kuinu the Minotaur Berserker began the quest for the Orb.
     0 | D:1      | Reached XP level 1. HP: 19/19 MP: 0/0
   139 | D:1      | Reached XP level 2. HP: 6/27 MP: 1/1
   632 | D:1      | Reached XP level 3. HP: 30/33 MP: 2/2
  1192 | D:2      | Noticed Sigmund
  1201 | D:2      | Killed Sigmund
  1201 | D:2      | Reached skill level 5 in Fighting
  1201 | D:2      | Reached skill level 5 in Axes
  1201 | D:2      | Reached XP level 4. HP: 42/42 MP: 3/3
  1201 | D:2      | Reached XP level 5. HP: 48/48 MP: 4/4
  1471 | D:2      | Reached ** piety under Trog
  1644 | D:2      | Reached XP level 6. HP: 39/56 MP: 5/5
  1777 | D:2      | Noticed Natasha
  1782 | D:2      | Killed Natasha
  1799 | D:2      | Found a faded altar of an unknown god.
  2080 | D:3      | Found a shadowy altar of Dithmenos.
  2083 | D:3      | Reached skill level 5 in Armour
  2541 | D:4      | Found Faump's Distillery.
  2548 | D:4      | Reached *** piety under Trog
  2563 | D:4      | Found a snail-covered altar of Cheibriados.
  2574 | D:4      | Found Duefel's Distillery.
  2595 | D:4      | Found Bionoecu's General Store.
  2610 | D:4      | Found Kubishao's General Store.
  2667 | D:4      | Found a runed translucent door.
  2668 | D:4      | Noticed Enish's ghost (novice FoCK)
  2894 | D:5      | Entered Level 5 of the Dungeon
  2932 | D:5      | Reached XP level 7. HP: 36/62 MP: 6/6
  3067 | D:5      | Noticed Menkaure
  3073 | D:5      | Killed Menkaure
  3166 | D:5      | Reached XP level 8. HP: 14/71 MP: 7/7
  3441 | D:5      | Noticed a +0 dagger
  3446 | D:5      | Noticed a +0 dagger
  3461 | D:5      | Noticed Grinder
  3470 | D:5      | Killed Grinder
  3471 | D:5      | Found a hide-covered altar of Uskayaw.
  3529 | D:5      | Found a hide-covered altar of Uskayaw.
  4148 | D:6      | Reached skill level 5 in Dodging
  4156 | D:6      | Found an iron altar of Okawaru.
  4173 | D:6      | Found a sparkling altar of Nemelex Xobeh.
  4438 | D:6      | Found an opulent altar of Gozag.
  4551 | D:6      | Reached XP level 9. HP: 44/82 MP: 8/8
  4676 | D:6      | Found a white marble altar of Elyvilon.
  4721 | D:6      | Noticed Pikel
  4733 | D:6      | Killed Pikel
  5301 | D:7      | Found a glowing golden altar of the Shining One.
  5308 | D:7      | Found an ancient bone altar of Kikubaaqudgha.
  5308 | D:7      | Found a blossoming altar of Fedhas.
  5320 | D:7      | Found a hazy altar of Hepliaklqana.
  5353 | D:7      | Reached **** piety under Trog
  5424 | D:7      | Found a staircase to the Ecumenical Temple.
  5465 | D:7      | HP: 1/84 [orc warrior/+0 hand axe (15)]
  5899 | D:7      | Found a runed translucent gate.
  5900 | D:7      | Found a runed translucent gate.
  5901 | D:7      | Found a runed translucent gate.
  5901 | D:7      | Noticed Ratty's ghost (novice MiMo)
  5910 | D:7      | Found a roughly hewn altar of Beogh.
  6271 | D:8      | Noticed a troll
  6274 | D:8      | Noticed Psyche
  6278 | D:8      | Killed a troll
  6284 | D:8      | Reached skill level 10 in Axes
  6284 | D:8      | Reached XP level 10. HP: 93/93 MP: 9/9
  6292 | D:8      | Reached skill level 10 in Fighting
  6295 | D:8      | Killed from afar by an electric eel

Levels and vault maps discovered:
D:1:      dpeg_arrival_rooms_b, layout_basic
D:2:      layout_loops_ring, chequers_ecumenical_altar_simple, uniq_sigmund,
          uniq_natasha
D:3:      layout_basic, lemuel_crystal_altar
D:4:      layout_cave_pools, nicolae_overflow_hidden_temple, serial_shops, shop,
          shop_statue, nicolae_shop_window_shopping, shop,
          gammafunk_ghost_grave, minmay_fountain_box
D:5:      layout_basic, dancing_weapons_uskayaw, first_ration,
          lemuel_altar_in_water, uniq_grinder, uniq_menkaure
D:6:      layout_basic, kennysheep_okawaru_gauntlet,
          nemelex_xobeh_ov_fountains_minmay, kennysheep_little_box,
          kennysheep_cross_room, eino_small_chamber_without_monster,
          nicolae_gozag_cash_rules_everything_around_me, uniq_pikel
D:7:      layout_rooms, nicolae_overflow_quartered_altars,
          minmay_temple_entry_offerings, biasface_ghost_orc_armoury
D:8:      layout_loops_corners, erik_lair_island, serial_shops,
          nicolae_shop_waterfront, uniq_psyche

Skill      XL: |  1  2  3  4  5  6  7  8  9 10 |
---------------+-------------------------------+-----
Fighting       | 4 5 6 8 9 10 | 10.0
Axes           | 4 5 6 7 8 10 | 10.0
Armour         | 3 4 5 6 7 9 |  9.6
Dodging        | 3 4 5 6 |  6.4

Action                   |  1- 3 |  4- 6 |  7- 9 | 10-12 || total
-------------------------+-------+-------+-------+-------++-------
Melee: Hand axe          |    18 |       |       |       ||    18
       Halberd           |    21 |   112 |       |       ||   133
       Headbutt          |     4 |    16 |    37 |       ||    57
       War axe           |       |    25 |   237 |     4 ||   266
Invok: Berserk           |     3 |     3 |     7 |       ||    13
       Trog's Hand       |       |       |     3 |     1 ||     4
  Use: Scroll            |       |     4 |     6 |       ||    10
       Potion            |       |       |       |     1 ||     1
  Eat: Chunk             |     2 |    10 |    31 |       ||    43
Armor: Animal skin       |     6 |     3 |       |       ||     9
       Leather armour    |       |    11 |       |       ||    11
       Ring mail         |       |       |    85 |     5 ||    90
Dodge: Dodged            |    22 |    85 |   152 |     5 ||   264

Table legend:
 A = Non-vault XP
 B = Vault XP
 C = Vault XP percentage of total XP
 D = Non-vault monster count
 E = Vault monster count
 F = Vault count percentage of total count
                 A         B        C        D         E       F
            +---------+---------+-------+---------+---------+-------
      Total |    3724 |    2102 |  36.1 |     156 |      11 |   6.6
            +---------+---------+-------+---------+---------+-------
        D:1 |      58 |       0 |   0.0 |      19 |       0 |   0.0
        D:2 |     119 |     260 |  68.6 |      23 |       2 |   8.0
        D:3 |     209 |       0 |   0.0 |      25 |       0 |   0.0
        D:4 |      36 |       0 |   0.0 |      10 |       0 |   0.0
        D:5 |    1065 |     431 |  28.8 |      24 |       2 |   7.7
        D:6 |     949 |     685 |  41.9 |      21 |       1 |   4.5
        D:7 |     921 |       0 |   0.0 |      24 |       0 |   0.0
        D:8 |     367 |     726 |  66.4 |      10 |       6 |  37.5
            +---------+---------+-------+---------+---------+-------
